 Dungeon Crawl Stone Soup version 0.28.0-47-ge53b351184 (webtiles) character file.

Game seed: 18113395898279324845

984 101zpm the Chiller (level 8, -7/53 HPs)
             Began as a Merfolk Ice Elementalist on Apr 29, 2022.
             Was an Initiate of Cheibriados.
             Mangled by Maggie
             ... wielding a +4 halberd of flaming
              (12 damage)
             ... on level 6 of the Dungeon.
             The game lasted 00:18:30 (5794 turns).

101zpm the Chiller (Merfolk Ice Elementalist)       Turns: 5794, Time: 00:18:30

Health: -7/53      AC: 13    Str:  9    XL:     8   Next: 18%
Magic:  4/17       EV: 13    Int: 18    God:    Cheibriados [......]
Gold:   98         SH:  0    Dex: 15    Spells: 6/19 levels left

rFire   . . .      SeeInvis .   (no weapon)
rCold   . . .      Faith    .   (no shield)
rNeg    . . .      Spirit   .   a - +0 robe
rPois   .          Reflect  .   (no helmet)
rElec   .          Harm     .   p - +1 cloak
rCorr   .          Rampage  .   l - +1 pair of gloves
Will    .....                   (no boots)
Stlth   ++........              (no amulet)
HPRegen 0.17/turn               (no ring)
MPRegen 0.15/turn               (no ring)

@: ice-armoured, freezing walls, mesmerised, very slightly contaminated, very
slow
A: (nimble swimmer 2), mertail
a: Renounce Religion


You were on level 6 of the Dungeon.
You worshipped Cheibriados.
Cheibriados was noncommittal.
You visited 2 branches of the dungeon, and saw 10 of its levels.

You collected 98 gold pieces.

Inventory:

Missiles
 g - 2 throwing nets
Armour
 a - a +0 robe (worn)
 i - a +0 pair of gloves
 l - a +1 pair of gloves (worn)
 p - a +1 cloak (worn)
Jewellery
 s - a ring of poison resistance
Wands
 n - a wand of acid (3)
Scrolls
 c - 5 scrolls of identify {unknown}
 e - a scroll of fear {unknown}
 h - 2 scrolls of amnesia {unknown}
 j - a scroll of vulnerability {unknown}
 k - a scroll of blinking {unknown}
 q - a scroll of silence {unknown}
 t - a scroll of acquirement {unknown}
Potions
 b - 3 potions of curing {unknown}
 d - 3 potions of flight {unknown}
 f - 2 potions of haste {unknown}
 m - a potion of degeneration {unknown}
 o - a potion of mutation {unknown}
 r - a potion of lignification {unknown}


   Skills:
 + Level 0.7 Fighting
 + Level 4.0 Dodging
 + Level 3.0 Stealth
 + Level 0.5 Unarmed Combat
 + Level 6.0 Spellcasting
 + Level 0.3 Conjurations
 + Level 7.4 Ice Magic
 + Level 1.1 Air Magic


You had 6 spell levels left.
You knew the following spells:

 Your Spells              Type           Power      Damage    Failure   Level
a - Freeze                Ice            100%       1d11      1%          1
b - Frozen Ramparts       Ice            64%        1d8       1%          3
c - Ozocubu's Armour      Ice            32%        N/A       1%          3
d - Static Discharge      Conj/Air       8%         N/A       13%         2
e - Hailstorm             Conj/Ice       19%        3d6       24%         4

Your spell library contained the following spells:

 Spells                   Type           Power      Damage    Failure   Level
 Lightning Bolt           Conj/Air       4%         1d15      94%         5
 Maxwell's Capacitive Co  Air            4%         ∞         100%        8


Dungeon Overview and Level Annotations

Branches:
Dungeon (9/15)             Temple (1/1) D:4
   Lair: D:8-11         Orc: D:9-12

Altars:
Ashenzari
Cheibriados
Dithmenos
Elyvilon
Fedhas
Gozag
Hepliaklqana
Makhleb
Nemelex Xobeh
Okawaru
Qazlal
Ru
Sif Muna
Trog
Uskayaw
Vehumet
Wu Jian
Xom
Yredelemnul
Zin
The Shining One

Annotations:
D:5 Grinder
D:6 Maggie
D:9 Psyche


Innate Abilities, Weirdness & Mutations

((You are very nimble when in or above water. (Stealth+, EV+, Speed+++)))
Your lower body shifts to a powerful aquatic tail in water.


Message History

Press: ? - help, Dir - look around, f - activate You miscast Hailstorm.
You are very lightly contaminated with residual magic.
Nothing appears to happen.
The wall freezes Maggie.
Maggie casts a spell.
Maggie draws you further into her thrall.
Casting: Hailstorm (quite dangerous; 24% risk of failure)
Confirm with . or Enter, or press ? or * to list all spells.
The spell is quite dangerous to miscast (24% risk of failure)!
Continue anyway?
Casting: Hailstorm (quite dangerous; 24% risk of failure)
Press: ? - help, Dir - look around, f - activate A cannonade of hail descends around you!
The hail pelts Maggie!
Maggie is heavily wounded.
The wall freezes Maggie.
Maggie hits you from afar with a +4 halberd of flaming!
Maggie burns you!
* * * LOW HITPOINT WARNING * * *
The heat melts your icy armour.
You cannot move away from Maggie!
Maggie is nearby!
Casting: Hailstorm (quite dangerous; 24% risk of failure)
Confirm with . or Enter, or press ? or * to list all spells.
Okay, then.
The wall freezes Maggie.
Maggie hits you from afar with a +4 halberd of flaming.
* * * LOW HITPOINT WARNING * * *
Maggie burns you.
* * * LOW HITPOINT WARNING * * *
The heat melts your icy armour.
The wall freezes Maggie.
Maggie closely misses you.
The wall freezes Maggie.
Maggie hits you from afar with a +4 halberd of flaming.
* * * LOW HITPOINT WARNING * * *
Maggie burns you.
* * * LOW HITPOINT WARNING * * *
The heat melts your icy armour.
The wall freezes Maggie.
Maggie hits you from afar with a +4 halberd of flaming!
You die...

##.##.#####..####
#.##.# #........
#.##.# #.#.#.###
#.##.# #.#......
#.##.# #.###.##^
###.##.###.....##.
#........########.
#.#.##.#.# #>
#@#.#....# #.
#.#.#..#.# #.
.@..#.##.# #.
#..###. .# #. #..#
#. .# #. #..# #.
.# #. #..# #. #(.#
## ## ...###### #


You could see Maggie (mesmerising).

Vanquished Creatures
  2 water moccasins (D:5)
  An ogre (D:5)
  A centaur (D:5)
  A phantom (D:5)
  2 jellies
  5 hounds
  2 orc priests (D:5)
  A bullfrog skeleton (D:5)
  3 orc wizards
  A hound skeleton (D:5)
  4 gnolls (D:5)
  A howler monkey skeleton (D:4)
  4 adders
  A shadow imp (D:6)
  An adder skeleton (D:4)
  A worm (D:5)
  22 orcs
  A bat (D:1)
  3 giant cockroaches (D:4)
  A goblin (D:1)
  5 hobgoblins
  2 quokkas
  6 kobolds
  A rat (D:2)
72 creatures vanquished.

Notes
Turn   | Place    | Note
-------+----------+-------------------------------------------
     0 | D:1      | 101zpm the Merfolk Ice Elementalist began the quest for the
                  | Orb.
     0 | D:1      | Reached XP level 1. HP: 13/13 MP: 3/3
   301 | D:2      | Reached XP level 2. HP: 5/19 MP: 0/5
  1184 | D:4      | Reached skill level 5 in Ice Magic
  1195 | D:4      | Reached XP level 3. HP: 13/24 MP: 0/6
  1362 | D:4      | You fall into a shaft and drop 3 floors!
  1471 | D:8      | Noticed an ice beast
  1500 | D:9      | Noticed a basilisk
  1501 | D:9      | Noticed Psyche
  1501 | D:9      | Noticed an elephant
  1681 | D:8      | Noticed a two-headed ogre
  1750 | D:8      | Noticed a kobold brigand
  1766 | D:8      | Reached XP level 4. HP: 30/30 MP: 4/8
  2082 | D:5      | Entered Level 5 of the Dungeon
  2142 | D:6      | Reached XP level 5. HP: 25/35 MP: 3/10
  2296 | D:5      | Noticed a centaur
  2554 | D:5      | Reached skill level 6 in Ice Magic
  2600 | D:5      | Reached XP level 6. HP: 41/41 MP: 7/12
  2641 | D:5      | Noticed a water moccasin
  2647 | D:5      | Learned a level 3 spell: Frozen Ramparts
  2651 | D:5      | Learned a level 3 spell: Ozocubu's Armour
  2654 | D:5      | Learned a level 2 spell: Static Discharge
  2659 | D:5      | Learned a level 4 spell: Hailstorm
  2666 | D:5      | Killed a water moccasin
  2923 | D:5      | Noticed Grinder
  2924 | D:5      | Noticed a water moccasin
  2955 | D:5      | Killed a water moccasin
  2956 | D:5      | Reached XP level 7. HP: 44/46 MP: 0/14
  3519 | D:5      | Reached skill level 5 in Spellcasting
  3519 | D:5      | Reached skill level 7 in Ice Magic
  3519 | D:5      | Reached skill level 1 in Air Magic
  4184 | D:5      | Reached XP level 8. HP: 53/53 MP: 8/16
  4892 | D:4      | Found a staircase to the Ecumenical Temple.
  5058 | Temple   | Entered the Ecumenical Temple
  5148 | Temple   | Became a worshipper of Cheibriados the Contemplative
  5784 | D:6      | Noticed Maggie
  5794 | D:6      | Mangled by Maggie

Illustrated notes

Levels and vault maps discovered:
D:1:      dpeg_arrival_boxes_within_box, layout_loops_ring,
          ebering_ecumenical_altar_petrified, minmay_tiny_reverse_x
D:2:      layout_rooms
D:3:      layout_basic, uniq_sigmund
D:4:      layout_cave_pools, temple_pool_b
D:5:      layout_basic, cheibrodos_gnoll_hut, uniq_grinder
D:6:      layout_loops_ring, hangedman_abyss_or_decor_jellyfish_corner,
          uniq_maggie
D:7:      layout_cave_pods
D:8:      layout_rooms, kennysheep_vampire_church, nicolae_shop_unique_rings,
          minmay_crystal_room, nicolae_benzene_ring, uniq_erica, uniq_harold
D:9:      lemuel_slime, layout_basic, david_lair_generic, jiyva_altar_1,
          uniq_psyche
Temple:   dpeg_three_leaves_temple

Skill      XL: |  1  2  3  4  5  6  7  8 |
---------------+-------------------------+-----
Ice Magic      | 5 6 7 |  7.4
Dodging        | 3 4 |  4.0
Spellcasting   | 3 4 5 6 |  6.0
Air Magic      | 1 |  1.1
Stealth        | 3 |  3.0
Fighting       | |  0.7
Unarmed Combat | |  0.5
Conjurations   | |  0.3

Action                   |  1- 3 |  4- 6 |  7- 9 || total
-------------------------+-------+-------+-------++-------
Melee: Unarmed           |    11 |     5 |    52 ||    68
 Cast: Freeze            |    38 |    29 |    41 ||   108
       Static Discharge  |       |     5 |    20 ||    25
       Frozen Ramparts   |       |     4 |    20 ||    24
       Ozocubu's Armour  |       |     2 |     8 ||    10
       Hailstorm         |       |       |     2 ||     2
Armor: Robe              |     6 |    14 |    50 ||    70
Dodge: Dodged            |    32 |    30 |    69 ||   131
